 Dungeon Sprint DCSS version 0.24-a0-244-ga6a6ab7 (webtiles) character file.

Game seed: 7306698208262688236

1129 MikeHunt the Carver (level 8, 0/121 HPs)
             Began as a Naga Berserker on Apr 10, 2019.
             Was a High Priest of Trog.
             Slain by Snorg (7 damage)
             ... in the Dungeon (Sprint III: "The Ten Rune Challenge").
             The game lasted 00:05:27 (1569 turns).

MikeHunt the Carver (Naga Berserker)                Turns: 1569, Time: 00:05:28

Health: 0/121      AC:  4    Str: 24    XL:     8   Next: 35%
Magic:  8/8        EV: 15    Int:  9    God:    Trog [*****.]
Gold:   25         SH:  0    Dex: 14    Spells: 7/7 levels left

rFire    . . .     SeeInvis +   p - +2 long sword (holy)
rCold    . . .     Gourm    .   (no shield)
rNeg     . . .     Faith    .   o - +0 leather armour
rPois    +         Spirit   .   (no helmet)
rElec    .         Reflect  .   (no cloak)
rCorr    .         Harm     .   (no gloves)
MR       +....     NoTele   +   (no barding)
Stlth    ..........             (no amulet)
HPRegen  0.30/turn              (no ring)
MPRegen  0.11/turn              (no ring)

@: berserking (expiring), quick
A: large, see invisible, agile 1, blink, deformed body, poison resistance,
robust 1, slowness 2, slow metabolism 1, spit poison 1, AC +2
a: Spit Poison, Blink, Berserk, Trog's Hand, Brothers in Arms, Renounce Religion


You were in the Dungeon.
You worshipped Trog.
Trog was extremely pleased with you.
You were not hungry.

You visited 1 branch You collected 25 gold pieces.

Inventory:

Hand Weapons
 a - a +0 falchion
 p - a +2 long sword of holy wrath (weapon)
 s - a +2 antimagic great sword {god gift}
Armour
 b - a +0 animal skin
 o - a +0 leather armour (worn)
Wands
 r - a wand of iceblast (9)
Scrolls
 e - 2 scrolls of holy word
 i - a scroll of blinking
 j - a scroll of enchant armour
 l - a scroll of enchant weapon
 n - a scroll of remove curse
Potions
 d - a potion of curing
 f - a potion of haste
 g - 2 potions of magic
 h - 2 potions of berserk rage
 k - 4 potions of mutation
 m - 4 potions of flight
 q - a potion of heal wounds
Comestibles
 c - 3 rations


   Skills:
 + Level 5.1 Fighting
 + Level 12.7 Long Blades
 - Level 1.5 Armour
 - Level 10.2 Dodging


You had 7 spell levels left.
You didn't know any spells.
Your spell library was empty.

Dungeon Overview and Level Annotations

Branches:
Dungeon (1/1)

Altars:
Dithmenos
Elyvilon
Kikubaaqudgha
Okawaru
Ru
Sif Muna
Trog
Uskayaw
Vehumet
Wu Jian
Yredelemnul
Zin
The Shining One
Beogh

Annotations:
D Snorg


Innate Abilities, Weirdness & Mutations

You cannot wear boots.
Your serpentine skin is tough. (AC +2)
You have supernaturally acute eyesight. (SInv)
Armour fits poorly on your strangely shaped body.
Your system is resistant to poisons. (rPois)
You cover ground very slowly.
You have a slow metabolism.
You can spit poison.
You are agile. (Dex +2)
You can translocate small distances at will.
You are robust. (+10% HP)


Message History

Snorg bites you! Snorg barely misses you. Snorg closely misses you.
You slash Snorg!
Snorg is severely wounded.
Snorg closely misses you. Snorg claws you.
* * * LOW HITPOINT WARNING * * *
Snorg claws you!
* * * LOW HITPOINT WARNING * * *
You barely miss Snorg.
Snorg is severely wounded.
You slash Snorg!
Snorg is severely wounded.
Snorg misses you.
You riposte.
You slash Snorg!
Snorg is severely wounded.
Snorg claws you!
* * * LOW HITPOINT WARNING * * *
Snorg barely misses you.
You slash Snorg!
Snorg is almost dead.
Snorg bites you!
You die...

##.############
#..#___#___#__#
#..#...#__.#)_#
#..###'#'###'##
#..#..........#
...'.⌠........#
...#...######'#
...#.⌠.#
#...#+#####
...#...#
#...#.@≈§≈+
...#'###
#...#.#T§§#
...#)).#
#...'.#§§§#
...#___#
+...#.#.§§#
▓▓▓▓▓▓▓▓
▓▓▓▓▓▓▓▓▓▓▓


You could see Snorg (berserk).

Vanquished Creatures
  A deep elf mage (D)
  A shadow (D)
  A necrophage (D)
  A water elemental (D)
  A jelly (D)
  A wizard (D)
  Jessica (D)
  A necromancer (D)
  3 humans (D)
  A kobold demonologist (D)
  A wolf (D)
  2 oozes (D)
  A rat (D)
16 creatures vanquished.

Vanquished Creatures (others)
  2 draconian scorchers (D)
  6 hellions (D)
  2 yaktaurs (D)
  2 plants (D)
12 creatures vanquished.

Grand Total: 28 creatures vanquished

Notes
Turn   | Place    | Note
-------+----------+-------------------------------------------
     0 | D        | MikeHunt the Naga Berserker began the quest for the Orb.
     0 | D        | Reached XP level 1. HP: 21/21 MP: 1/1
    16 | D        | Reached skill level 4 in Long Blades
    16 | D        | Reached XP level 2. HP: 15/28 MP: 2/2
    82 | D        | Killed a hellion
    83 | D        | Killed a hellion
    84 | D        | Killed a hellion
    84 | D        | Killed a hellion
    91 | D        | Killed a hellion
   101 | D        | Killed a hellion
   143 | D        | Killed a yaktaur
   167 | D        | Noticed Jessica
   170 | D        | Killed Jessica
   170 | D        | Reached ** piety under Trog
   170 | D        | Reached skill level 5 in Long Blades
   170 | D        | Reached XP level 3. HP: 34/34 MP: 3/3
   172 | D        | Killed a white draconian scorcher
   213 | D        | Reached *** piety under Trog
   213 | D        | Reached skill level 6 in Long Blades
   213 | D        | Reached XP level 4. HP: 9/42 MP: 4/4
   360 | D        | Killed a white draconian scorcher
   460 | D        | Gained mutation: You have a pair of small horns on your
                  | head. [potion of mutation]
   460 | D        | Gained mutation: You have a pair of horns on your head.
                  | [potion of mutation]
   461 | D        | Lost mutation: You have a pair of horns on your head.
                  | [potion of mutation]
   461 | D        | Lost mutation: You have a pair of small horns on your head.
                  | [potion of mutation]
   461 | D        | Gained mutation: You can translocate small distances at
                  | will. [potion of mutation]
   461 | D        | Gained mutation: You are agile. (Dex +2) [potion of
                  | mutation]
   461 | D        | Gained mutation: You are robust. (+10% HP) [potion of
                  | mutation]
   466 | D        | Noticed a water elemental
   475 | D        | Killed a water elemental
   475 | D        | Reached skill level 7 in Long Blades
   475 | D        | Reached skill level 5 in Dodging
   475 | D        | Reached XP level 5. HP: 21/53 MP: 5/5
   666 | D        | Found a hide-covered altar of Uskayaw.
   666 | D        | Found a roughly hewn altar of Beogh.
   666 | D        | Found an iron altar of Okawaru.
   666 | D        | Found a bloodstained altar of Trog.
   666 | D        | Found an ornate altar of the Wu Jian Council.
   666 | D        | Noticed a human
   666 | D        | Noticed a human
   671 | D        | Killed a human
   671 | D        | Reached skill level 9 in Long Blades
   671 | D        | Reached XP level 6. HP: 56/61 MP: 6/6
   677 | D        | Killed a human
   677 | D        | Reached skill level 10 in Long Blades
   837 | D        | Found a radiant altar of Vehumet.
   838 | D        | Found a deep blue altar of Sif Muna.
   838 | D        | Found an ancient bone altar of Kikubaaqudgha.
   840 | D        | Noticed a chaos spawn
   843 | D        | Reached **** piety under Trog
   844 | D        | Reached XP level 7. HP: 48/68 MP: 7/7
   889 | D        | Killed a yaktaur
  1013 | D        | Found a glowing silver altar of Zin.
  1013 | D        | Found a glowing golden altar of the Shining One.
  1013 | D        | Found a white marble altar of Elyvilon.
  1014 | D        | Noticed a deep elf mage
  1021 | D        | HP: 4/102 [earth elemental[a deep elf mage] (22)]
  1027 | D        | HP: 2/102 [deep elf mage/+2 long sword of holy wrath (1)]
  1028 | D        | Killed a deep elf mage
  1028 | D        | Reached ***** piety under Trog
  1028 | D        | Reached skill level 12 in Long Blades
  1028 | D        | Reached skill level 10 in Dodging
  1028 | D        | Reached XP level 8. HP: 2/75 MP: 8/8
  1356 | D        | Found a basalt altar of Yredelemnul.
  1356 | D        | Found a shadowy altar of Dithmenos.
  1356 | D        | Found a sacrificial altar of Ru.
  1362 | D        | Received a gift from Trog
  1423 | D        | Noticed a shadow
  1434 | D        | Killed a shadow
  1438 | D        | Reached skill level 5 in Fighting
  1555 | D        | Noticed Snorg
  1569 | D        | Slain by Snorg

Levels and vault maps discovered:
D:        dungeon_sprint_mu [sprint_mu_entry_cave, sprint_mu_temple_rooms,
          sprint_mu_d1_horrors, sprint_mu_d2_genie, sprint_mu_d3_branching,
          sprint_mu_orc_legion, sprint_mu_elf_gauntlet, sprint_mu_hive_nellie,
          sprint_mu_lair_fedhas, sprint_mu_vaults_butterflies,
          sprint_mu_slime_circle, sprint_mu_swamp_cave, sprint_mu_shoals_kraken,
          sprint_mu_blade_basic, sprint_mu_crypt_chambers,
          sprint_mu_tomb_spiral, sprint_mu_vestibule_basic,
          sprint_mu_gehenna_hellfire, sprint_mu_dis_giant,
          sprint_mu_tartarus_statrot, sprint_mu_cocytus_islands, sprint_mu_zot1]

Skill      XL: |  1  2  3  4  5  6  7  8 |
---------------+-------------------------+-----
Dodging        | 2 4 5 7 8 10 | 10.2
Long Blades    | 4 5 6 7 9 10 12 | 12.7
Fighting       | 5 |  5.1
Armour         | |  1.5

Action                   |  1- 3 |  4- 6 |  7- 9 || total
-------------------------+-------+-------+-------++-------
Melee: Falchion          |    25 |    21 |    11 ||    57
       Long sword        |       |       |    31 ||    31
Invok: Berserk           |     1 |     3 |     3 ||     7
 Abil: Spit Poison       |     2 |     1 |       ||     3
  Use: Potion            |     1 |     2 |       ||     3
       Scroll            |       |     4 |       ||     4
  Eat: Chunk             |       |     1 |       ||     1
       Ration            |       |       |     2 ||     2
Armor: Animal skin       |     1 |       |       ||     1
       Leather armour    |       |     1 |     5 ||     6
Dodge: Dodged            |    14 |     7 |    24 ||    45
       Rpst.: Falchion   |     8 |     1 |     3 ||    12
       Long sword        |       |       |     3 ||     3

Table legend:
 A = Non-vault XP
 B = Vault XP
 C = Vault XP percentage of total XP
 D = Non-vault monster count
 E = Vault monster count
 F = Vault count percentage of total count
                 A         B        C        D         E       F
            +---------+---------+-------+---------+---------+-------
      Total |       0 |    1613 | 100.0 |       0 |      16 | 100.0
            +---------+---------+-------+---------+---------+-------
          D |       0 |    1613 | 100.0 |       0 |      16 | 100.0
            +---------+---------+-------+---------+---------+-------
